 Dungeon Crawl Stone Soup version 0.23-a0-169-gb21e695 (console) character file.

1033 nht the Skirmisher (level 8, 0/88 HPs)
             Began as an Ogre Fighter on Sept 11, 2018.
             Was an Initiate of Makhleb.
             Slain by a hound (3 damage)
             ... on level 6 of the Dungeon.
             The game lasted 00:07:57 (4406 turns).

nht the Skirmisher (Ogre Fighter)                   Turns: 4406, Time: 00:07:59

Health: 0/88       AC:  3    Str: 26    XL:     8   Next: 24%
Magic:  10/10      EV:  8    Int: 11    God:    Makhleb [......]
Gold:   226        SH:  8    Dex:  8    Spells: 7/7 levels left

rFire    . . .     SeeInvis .     - Unarmed
rCold    . . .     Gourm    .   b - +0 shield
rNeg     . . .     Faith    .   a - +0 robe
rPois    .         Spirit   .   (helmet restricted)
rElec    .         Reflect  .   p - scarf {repulsion}
rCorr    .         Harm     .   (gloves unavailable)
MR       .....                  (boots unavailable)
Stlth    +.........             (no amulet)
HPRegen  0.24/turn              (no ring)
MPRegen  0.12/turn              (no ring)

@: mighty, lethally poisoned (0 -> 0), repel missiles
A: large, unfitting armour, tough skin 1
a: Renounce Religion


You were on level 6 of the Dungeon.
You worshipped Makhleb.
Makhleb was noncommittal.
You were not hungry.

You visited 2 branches of the dungeon, and saw 7 of its levels.

You collected 226 gold pieces.

Inventory:

Missiles
 i - 4 tomahawks (quivered)
Armour
 a - a +0 robe (worn)
 b - a +0 shield (worn)
 p - a scarf of repulsion (worn)
Scrolls
 c - a scroll of enchant armour {unknown}
 e - a scroll of identify
 f - a scroll of amnesia {unknown}
 g - a scroll of immolation {unknown}
 h - a scroll of remove curse {unknown}
 j - 2 scrolls of teleportation {unknown}
 m - a scroll of random uselessness {unknown}
 q - a scroll of magic mapping {unknown}
Potions
 k - a potion of invisibility
 l - a potion of heal wounds
 n - 2 potions of curing
 o - a potion of might
 r - a potion of haste
Comestibles
 d - 9 rations


   Skills:
 + Level 7.7 Fighting
 - Level 2.6 Dodging
 - Level 2.6 Shields
 * Level 6.8 Unarmed Combat
 + Level 3.1 Invocations


You had 7 spell levels left.
You didn't know any spells.
Your spell library contained the following spells:

 Spells                   Type           Power        Failure   Level  Hunger
 Confusing Touch          Hex            #.....       80%         1    ##.....
 Confuse                  Hex            #.......     99%         3    ####...
 Gell's Gravitas          Tloc           #.........   99%         3    ####...
 Petrify                  Tmut/Erth      #.......     100%        4    #####..
 Metabolic Englaciation   Hex/Ice        #.........   100%        5    ######.
 Yara's Violent Unravell  Hex/Tmut       #.........   100%        5    ######.


Dungeon Overview and Level Annotations

Branches:
Dungeon (6/15)             Temple (1/1) D:4

Altars:
Ashenzari
Dithmenos
Elyvilon
Fedhas
Gozag
Hepliaklqana
Makhleb
Nemelex Xobeh
Okawaru
Ru
Sif Muna
Uskayaw
Vehumet
Wu Jian
Xom
Yredelemnul
Zin
The Shining One


Innate Abilities, Weirdness & Mutations

You are too large for most types of armour.
You have tough skin. (AC +1)


Message History

You see here 2 arrows.
A giant cockroach comes into view.
The centaur unwields an uncursed longbow.
The centaur hits you!
* * * LOW HITPOINT WARNING * * *
You hit the centaur.
The centaur is moderately wounded.
You block the hound's attack. You block the centaur's attack.
You block the hound's attack.
You closely miss the centaur.
The centaur is lightly wounded.
The centaur barely misses you. The hound barely misses you.
You barely miss the centaur.
The centaur is lightly wounded.
You feel sick. The centaur hits you.
* * * LOW HITPOINT WARNING * * *
You block the hound's attack. The centaur hits you!
* * * LOW HITPOINT WARNING * * *
The hound bites you.
You die... █...........█ .....██. █.█.....██.██████..... ███.█.....██.█....█..... █.........██.█.██.█..... ██ ███.██..5...5..█.██....... ...........████.███.████..... ......████.████.█ █.█ ██████

..... █...█.hY5███.█ ...
).....██†███@██...█.████ ██.
...........csh.........██.█..
..........................█..
.......................██....
.......................██.███
.....................<.██ █..
.......................█ █.█
.>...................... █.█
........................█ █.█


You could see an ice beast, a centaur, 2 hounds, a shadow imp and a giant
cockroach.

Vanquished Creatures
  An orc warrior (D:6)
  An ice beast (D:6)
  A phantom (D:5)
  A sky beast (D:5)
  2 centaurs
  A scorpion (D:6)
  A howler monkey (D:4)
  A bullfrog zombie (D:5)
  3 orc priests (D:4)
  A jelly (D:5)
  5 worker ants
  An iguana (D:5)
  4 adders
  2 oozes
  3 worms
  4 dart slugs
  3 leopard geckos
  7 orcs
  6 giant cockroaches
  10 hobgoblins
  5 kobolds
  3 quokkas
  10 bats
  4 frilled lizards
  A giant cockroach zombie (D:5)
  7 goblins
  2 leopard gecko skeletons
  9 rats
99 creatures vanquished.

Notes
Turn   | Place    | Note
-------+----------+-------------------------------------------
     0 | D:1      | nht the Ogre Fighter began the quest for the Orb.
     0 | D:1      | Reached XP level 1. HP: 24/24 MP: 1/1
   239 | D:1      | Reached XP level 2. HP: 12/32 MP: 2/2
   421 | D:1      | Reached XP level 3. HP: 28/40 MP: 3/3
   773 | D:2      | Found a sparkling altar of Nemelex Xobeh.
  1384 | D:3      | Reached XP level 4. HP: 22/49 MP: 4/4
  1844 | D:3      | Reached skill level 5 in Fighting
  2589 | D:4      | Reached XP level 5. HP: 16/57 MP: 5/5
  2839 | D:4      | Noticed a centaur
  3107 | D:4      | Killed a centaur
  3107 | D:4      | Reached XP level 6. HP: 67/67 MP: 6/6
  3137 | D:4      | Reached skill level 6 in Fighting
  3142 | D:4      | Reached skill level 5 in Unarmed Combat
  3164 | D:4      | Found an ornate altar of the Wu Jian Council.
  3299 | D:4      | Found a staircase to the Ecumenical Temple.
  3320 | Temple   | Entered the Ecumenical Temple
  3414 | Temple   | Became a worshipper of Makhleb the Destroyer
  3485 | D:5      | Entered Level 5 of the Dungeon
  3516 | D:5      | Noticed a sky beast
  3532 | D:5      | Killed a sky beast
  3532 | D:5      | Reached skill level 1 in Invocations
  3532 | D:5      | Reached XP level 7. HP: 44/76 MP: 7/7
  3739 | D:5      | Found an iron altar of Okawaru.
  3767 | D:5      | Reached skill level 7 in Fighting
  4323 | D:6      | Reached XP level 8. HP: 57/87 MP: 8/10
  4406 | D:6      | HP: 3/88 [centaur (7)]
  4406 | D:6      | Slain by a hound

Vault maps used:
D:1:      zaba_arrival_water
D:2:      nemelex_xobeh_ov_fountains_minmay, minmay_surrounded
D:4:      overflow_temple_1_default, minmay_temple_entry_large_hall,
          first_ration, minmay_tree_intersection, corexii_shack
D:5:      kennysheep_okawaru_gauntlet
D:6:      dk_vineyard_2
Temple:   compressed_dpeg_circular_temple

Skill      XL: |  1  2  3  4  5  6  7  8 |
---------------+-------------------------+-----
Unarmed Combat | 2 3 4 5 6 |  6.8
Fighting       | 5 6 7 |  7.7
Invocations    | 1 2 3 |  3.1
Dodging        | |  2.6
Shields        | |  2.6

Action                   |  1- 3 |  4- 6 |  7- 9 || total
-------------------------+-------+-------+-------++-------
Melee: Unarmed           |   233 |   184 |    99 ||   516
Throw: Tomahawk          |       |     3 |    12 ||    15
  Use: Potion            |     2 |     3 |     2 ||     7
       Scroll            |       |     2 |     1 ||     3
 Stab: Invisible         |       |     4 |       ||     4
  Eat: Chunk             |     2 |     7 |     3 ||    12
Armor: Robe              |    68 |    30 |     5 ||   103
       Skin              |       |    22 |     5 ||    27
Dodge: Dodged            |    89 |    39 |    32 ||   160
       Deflected         |       |       |     2 ||     2
Block: Shield            |    96 |    59 |    39 ||   194

Table legend:
 A = Non-vault XP
 B = Vault XP
 C = Vault XP percentage of total XP
 D = Non-vault monster count
 E = Vault monster count
 F = Vault count percentage of total count
                 A         B        C        D         E       F
            +---------+---------+-------+---------+---------+-------
      Total |    1470 |       6 |   0.4 |      94 |       5 |   5.1
            +---------+---------+-------+---------+---------+-------
        D:1 |      37 |       0 |   0.0 |      19 |       0 |   0.0
        D:2 |      29 |       4 |  12.1 |      14 |       4 |  22.2
        D:3 |      75 |       0 |   0.0 |      24 |       0 |   0.0
        D:4 |     437 |       2 |   0.5 |      17 |       1 |   5.6
        D:5 |     364 |       0 |   0.0 |       9 |       0 |   0.0
        D:6 |     528 |       0 |   0.0 |      11 |       0 |   0.0
            +---------+---------+-------+---------+---------+-------
